Cogmind - Beta 13 @@@ ROGUE MODE // 2024.06.30 @ 14:31:22 Player: RAT Result: Destroyed by Y-45 Defender with Heavy Assault Rifle Performance ------------- Evolutions (2) 1000 Regions Visited (3) 600 Robots Destroyed (31) 155 Value Destroyed (895) 895 Prototype IDs (1) 20 Alien Tech Used (0) 0 Bonus (0) 0 TOTAL SCORE: 2670 Bonus ------- None Cogmind --------- Core Integrity 0/550 Matter 300/300 Energy 72/100 System Corruption 0% Temperature Hot (217) Movement Core (100) Ox1 Location -8/Materials Parts ------- > --- POWER (2) -------- (None) > --- PROPULSION (2) --- (None) > --- UTILITY (4) ------ Small Storage Unit Improved Targeting Computer > --- WEAPON (3) ------- (None) > --- INVENTORY (8) ---- Aluminum Leg Aluminum Leg Peak State ------------ > --- POWER ------------ Light Ion Engine Improved Ion Engine > --- PROPULSION ------- Aluminum Leg Aluminum Leg > --- UTILITY ---------- Heat Sink Small Storage Unit Seismic Detector Improved Targeting Computer > --- WEAPON ----------- Small Laser Heavy Assault Rifle Mini Grenade Launcher > --- INVENTORY -------- Light Ion Engine Aluminum Leg Aluminum Leg Spread Laser Spread Laser Heavy Assault Rifle [Rating: 15] Favorites ----------- Power Light Ion Engine Engine Light Ion Engine Power Core Light Nuclear Core Propulsion Aluminum Leg Leg Aluminum Leg Flight Unit Flight Unit Utility Small Storage Unit Device Seismic Detector Storage Small Storage Unit Processor Improved Targeting Computer Weapon Small Laser Energy Gun Small Laser Ballistic Gun Heavy Assault Rifle Launcher Mini Grenade Launcher Build | -11 -10 -9 -8 ------- Run | Yrd Mat Mat Mat Slots Evolved 4 | . . 2 2 Power 1 | . . . 1 Propulsion . | . . . . Utility 2 | . . 1 1 Weapon 1 | . . 1 . Parts Attached 34 | 7 9 8 10 Power 6 | 1 2 . 3 Engine 5 | 1 2 . 2 Core 1 | . . . 1 Reactor . | . . . . Propulsion 7 | 2 1 1 3 Treads . | . . . . Leg 6 | 2 1 1 2 Wheel . | . . . . Hover . | . . . . Flight 1 | . . . 1 Utility 7 | 2 3 1 1 Device 5 | 1 3 1 . Storage 1 | 1 . . . Processor 1 | . . . 1 Hackware . | . . . . Protection . | . . . . Artifact . | . . . . Weapon 14 | 2 3 6 3 Energy Gun 9 | 1 3 3 2 Energy Cannon . | . . . . Ballistic Gun 4 | 1 . 2 1 Ballistic Cannon . | . . . . Launcher 1 | . . 1 . Special Weapon . | . . . . Impact Weapon . | . . . . Slashing Weapon . | . . . . Piercing Weapon . | . . . . Special Melee Weapon . | . . . . Unidentified Prototypes 1 | . . 1 . Parts Lost 23 | . 4 2 17 Power 6 | . 2 . 4 Propulsion 6 | . 1 . 5 Utility 3 | . 1 . 2 Weapon 8 | . . 2 6 Highest Loss Streak 12 | . 2 2 12 To Critical Strikes . | . . . . Average Slot Usage (%) 90 | . 90 87 93 Engine 12 | . 10 11 16 Leg 21 | . 28 21 16 Device 16 | . 11 19 17 Storage 10 | . 14 11 9 Processor 2 | . . . 7 Energy Gun 14 | . 20 16 9 Ballistic Gun 6 | . 6 4 8 Launcher 4 | . . 2 7 Naked Turns . | . . . . Heaviest Build 22 | 14 13 15 22 Greatest Support 20 | 20 20 20 20 Greatest Overweight (x) 1 | . . . 1 Average Overweight (x) . | . . . . Largest Inventory Capacity 8 | 8 8 8 8 Average Capacity 7 | 6 8 8 8 Most Carried 7 | 5 6 7 7 Average Carried 4 | 4 4 3 3 Final Capacity 8 | 8 8 8 8 Final Carried 7 | 4 4 7 2 Class Distribution -------------------- 37% | Scavenger-Gunner 32% | Mutant 28% | Scavenger-Mutant Dominant Class ---------------- Mutant | -10/Materials Scavenger-Mutant | -9/Materials Scavenger-Gunner | -8/Materials Resources | -11 -10 -9 -8 ----------- Run | Yrd Mat Mat Mat Matter Collected 608 | 239 113 108 148 Remotely . | . . . . Salvage Created 965 | 51 334 258 322 Parts 65 | 7 25 20 13 Haulers Intercepted . | . . . . Recyclers Shooed . | . . . . Parts Field Recycled . | . . . . Retrieved Matter . | . . . . Parts Self-Destructed . | . . . . Prevented . | . . . . Kills | -11 -10 -9 -8 ------- Run | Yrd Mat Mat Mat Combat Hostiles Destroyed 23 | . 9 5 9 Guns 18 | . 9 4 5 AOE 5 | . . 1 4 Classes Destroyed 5 | 1 3 1 . Tunneler 4 | 3 1 . . Watcher 4 | . 1 2 1 Swarmer 5 | . 3 . 2 Grunt 16 | . 6 3 7 Sentry 2 | . . 2 . Best Kill Streak 4 | 3 3 2 4 Combat Bots Only 4 | . 3 2 4 Max Kills in Single Turn 2 | 1 2 1 2 Gunslinging 1 | . 1 . . Exploded 2 | . . 1 2 Melee . | . . . . Uniques/NPCs Destroyed . | . . . . Combat | -11 -10 -9 -8 -------- Run | Yrd Mat Mat Mat Hostile Shots Fired 254 | . 45 30 179 Missed 73 | . 9 11 53 Damage Taken 2616 | . 465 426 1725 Core 739 | . 87 93 559 Absorbed by Shields . | . . . . Regen/Repaired (Parts) 86 | . . 86 . Core Remaining (%) 80 | 100 65 76 . Volleys Fired 79 | 6 27 17 29 Largest 3 | 2 2 2 3 Hottest 130 | 60 80 80 130 Shots Fired 151 | 9 48 35 59 Gun 146 | 9 48 35 54 Cannon . | . . . . Launcher 5 | . . . 5 Special . | . . . . Kinetic 49 | 6 16 6 21 Thermal 85 | . 25 27 33 Explosive 5 | . . . 5 Electromagnetic 12 | 3 7 2 . Robot Hit Streak 17 | 3 17 5 12 Robot Miss Streak 3 | 1 3 2 3 Penetration Max . | . . . . Secondary Targets 3 | . 1 1 1 Max Gunslinging Chain 1 | . 1 1 1 Shots Hit Robots 103 | 6 32 21 44 Core Hits 79 | 4 20 12 43 Critical Kills . | . . . . Critical Parts Destroyed . | . . . . Critical Strikes . | . . . . Melee Attacks . | . . . . Impact . | . . . . Slashing . | . . . . Piercing . | . . . . Sneak Attacks . | . . . . Combat Hostiles . | . . . . Follow-up Attacks . | . . . . Damage Inflicted 1601 | 59 333 287 922 Guns 1318 | 59 333 240 686 Cannons . | . . . . Explosions 283 | . . 47 236 Melee . | . . . . Ramming . | . . . . Kinetic 459 | 34 102 45 278 Thermal 819 | . 179 232 408 Explosive 236 | . . . 236 Electromagnetic 87 | 25 52 10 . Impact . | . . . . Slashing . | . . . . Piercing . | . . . . Highest Corruption 1 | . . 1 . Average Corruption 1 | . . 1 . Corruption Purged . | . . . . Corruption Blocked . | . . . . Effects 1 | . . 1 . Misfires 1 | . . 1 . Overload Shots . | . . . . Overflow Damage . | . . . . Projectiles . | . . . . Explosions . | . . . . Melee . | . . . . Knockbacks . | . . . . Impact . | . . . . Kinetic . | . . . . Secondary . | . . . . Self-Inflicted Damage 14 | . . 14 . Shots 1 | . . 1 . Rammed . | . . . . Targets Rammed . | . . . . Kicked . | . . . . Crushed . | . . . . Highest Temperature 335 | 20 112 84 335 Average Temperature 70 | 15 40 34 134 Received Heat Transfer 939 | . 183 99 657 Siege Activations . | . . . . Robots Corrupted . | . . . . Combat Hostiles . | . . . . Parts Fried . | . . . . Impact Corruptions . | . . . . Robots Melted . | . . . . Combat Hostiles . | . . . . Parts Melted 1 | . 1 . . Heat Transferred 1510 | . 400 425 685 Parts Sabotaged . | . . . . Parts Stolen . | . . . . Parts Stripped . | . . . . Power Chain Reactions 1 | . . 1 . Alert | -11 -10 -9 -8 ------- Run | Yrd Mat Mat Mat Peak Influence 251 | 15 251 251 118 Initial 97 | . 9 97 33 Average 101 | 5 120 149 68 Maximum Alert Level 1 | . 1 1 . Low Security (%) 89 | 100 85 78 100 Level 1 10 | . 14 21 . Level 2 . | . . . . Level 3 . | . . . . Level 4 . | . . . . Level 5 . | . . . . High Security . | . . . . Max Security . | . . . . Squads Dispatched 4 | . 3 . 1 Investigation 1 | . 1 . . Extermination . | . . . . Reinforcement 3 | . 2 . 1 Assault . | . . . . Garrison . | . . . . Intercept . | . . . . Searches Triggered . | . . . . Construction Impeded . | . . . . Haulers Reinforced . | . . . . Active Scanning Responses . | . . . . Cargo Convoy Interrupts . | . . . . Stealth | -11 -10 -9 -8 --------- Run | Yrd Mat Mat Mat Distress Signals 1 | . . . 1 Communications Jammed . | . . . . Distress Signals . | . . . . Times Spotted 36 | . 12 8 16 Peak Tracking Total 8 | . 3 2 8 Tactical Retreats . | . . . . Traps | -11 -10 -9 -8 ------- Run | Yrd Mat Mat Mat Traps Triggered 3 | . 2 1 . Indirectly . | . . . . Trap Hack Attempts . | . . . . Triggered . | . . . . Disarmed . | . . . . Reprogrammed . | . . . . Reused . | . . . . Traps Extracted . | . . . . Installed . | . . . . Triggered . | . . . . Machines | -11 -10 -9 -8 ---------- Run | Yrd Mat Mat Mat Machines Disabled . | . . . . Max in Single Turn . | . . . . Machines Repaired . | . . . . Machines Dismantled . | . . . . Machines Sabotaged . | . . . . Overloaded Fab Kills . | . . . . Hacking | -11 -10 -9 -8 --------- Run | Yrd Mat Mat Mat Machines Accessed 1 | . . 1 . Terminals . | . . . . Fabricators . | . . . . Repair Stations 1 | . . 1 . Recycling Units . | . . . . Scanalyzers . | . . . . Garrison Access . | . . . . Total Hacks 2 | . . 2 . Successful 2 | . . 2 . Failed . | . . . . Catastrophic . | . . . . Database Lockouts . | . . . . Manual . | . . . . Terminals . | . . . . Fabricators . | . . . . Repair Stations 2 | . . 2 . Recycling Units . | . . . . Scanalyzers . | . . . . Garrison Access . | . . . . Terminal Hacks . | . . . . Fabricator Hacks . | . . . . Repair Station Hacks 2 | . . 2 . Scan Component 1 | . . 1 . Repair 1 | . . 1 . Recycling Unit Hacks . | . . . . Scanalyzer . | . . . . Garrison Access Hacks . | . . . . Unauthorized Hacks . | . . . . Terminals . | . . . . Fabricators . | . . . . Repair Stations . | . . . . Recycling Units . | . . . . Scanalyzers . | . . . . Garrison Access . | . . . . Data Cores Recovered . | . . . . Used . | . . . . Hacking Detections 1 | . . 1 . Full Trace Events . | . . . . Feedback Events . | . . . . Feedback Blocked . | . . . . Robot Schematics Acquired . | . . . . Robots Built . | . . . . Authchips . | . . . . Time . | . . . . Total Robot Build Rating . | . . . . Part Schematics Acquired . | . . . . Parts Built . | . . . . Authchips . | . . . . Time . | . . . . Total Part Build Rating . | . . . . Parts Repaired 1 | . . 1 . Time 26 | . . 26 . Parts Recycled . | . . . . Recycled Matter . | . . . . Retrieved Matter . | . . . . Retrieved Components . | . . . . Parts Scanalyzed . | . . . . Part Schematics Acquired . | . . . . Parts Damaged . | . . . . Bothacking | -11 -10 -9 -8 ------------ Run | Yrd Mat Mat Mat Used RIF Installer . | . . . . Robots Hacked . | . . . . Non-combat . | . . . . Combat . | . . . . Robot Hacks Applied . | . . . . Relay Couplers Released . | . . . . Fabnet Peak Effective % . | . . . . Robots Rewired . | . . . . Allies Hacked . | . . . . Hacks Repelled . | . . . . Allies | -11 -10 -9 -8 -------- Run | Yrd Mat Mat Mat Total Allies . | . . . . Largest Group . | . . . . Highest-Rated Group . | . . . . Highest-Rated Ally . | . . . . Total Orders . | . . . . Ally Attacks . | . . . . Total Damage . | . . . . Kills . | . . . . Allies Corrupted . | . . . . Allies Melted . | . . . . Intel | -11 -10 -9 -8 ------- Run | Yrd Mat Mat Mat Robot Analysis Total . | . . . . Derelict Logs Recovered . | . . . . Drone Launches . | . . . . Drone Recoveries . | . . . . Exploration | -11 -10 -9 -8 ------------- Run | Yrd Mat Mat Mat Turns Passed 1477 | 111 355 465 546 Spaces Moved 768 | 69 210 261 228 Core 12 | 9 . . 3 Treads . | . . . . Legs 756 | 60 210 261 225 Wheels . | . . . . Hover . | . . . . Flight . | . . . . Fastest Speed 50 | 50 120 120 100 Average Speed 139 | 110 120 120 187 Slowest Speed 190 | 120 120 120 190 Overloaded Moves . | . . . . Propulsion Burnouts . | . . . . Robots Hopped . | . . . . Cave-ins Triggered . | . . . . Exploration Rate (%) 28 | 4 42 32 35 Regions Visited 3 Branch Regions . Pre-discovered Areas . | . . . . Known Exits Taken . | . . . . Unknown Exits Taken 3 | 1 1 1 . Scrap Searched . | . . . . Spaces Dug . | . . . . Terrain Destroyed 37 | . . 8 29 Melee . | . . . . Projectile . | . . . . AOE 37 | . . 8 29 Terrain Rammed . | . . . . Walls Destroyed . | . . . . Machines Disabled . | . . . . Actions | -11 -10 -9 -8 --------- Run | Yrd Mat Mat Mat Total 1035 | 94 269 381 291 Wait 110 | 4 7 80 19 Move 765 | 68 209 260 228 Hop . | . . . . Pick Up 35 | 7 11 12 5 Fast Attach 4 | 4 . . . Attach 26 | 3 5 8 10 Detach 1 | 1 . . . Swap 4 | . 4 . . Drop 11 | 1 6 4 . Fire 79 | 6 27 17 29 Melee . | . . . . Ram . | . . . . Kick . | . . . . Crush . | . . . . Escape Stasis . | . . . . Rewire . | . . . . Trap . | . . . . Miscellaneous . | . . . . Route ------- -11/Scrapyard -10/Materials -9/Materials -8/Materials (discovered 1 exit: [*Fac]) History --------- Turn | Location | Event 12 | -11/Scrapyard | Discovered new exit (range 15) 112 | -11/Scrapyard | Entered Materials 305 | -10/Materials | Build established: Mutant 410 | -10/Materials | Discovered new exit (range 16) 467 | -10/Materials | Entered another Materials area 467 | -9/Materials | Evolved 2 slots: Utility x1, Weapon x1 594 | -9/Materials | Repaired Aluminum Leg 762 | -9/Materials | Build established: Scavenger-Mutant 895 | -9/Materials | Discovered new exit (range 15) 932 | -9/Materials | Entered another Materials area 932 | -8/Materials | Evolved 2 slots: Power x1, Utility x1 1116 | -8/Materials | Discovered new exit (range 14) 1124 | -8/Materials | Lost 3 parts (1p2n) 1462 | -8/Materials | Core integrity fell below 50% 1469 | -8/Materials | Core integrity fell below 20% 1478 | -8/Materials | Destroyed by Y-45 Defender with Heavy Assault Rifle Last Messages --------------- Defender. 01443_ Critical hit (Burn: +37). 01443_ Aluminum Leg destroyed. 01445_ The unstable cave ceiling collapses. 01445_ Lgt. Assault Rifle crushed. 01450_ Sml. Laser destroyed. 01450_ G-47 Trooper destroyed. 01452_ Seismic Detector destroyed. 01452_ Critical hit (Burn: +37). 01455_ Hvy. Assault Rifle destroyed. 01456_ Aluminum Leg destroyed. 01461_ Heat Sink destroyed. 01461_ Lgt. Nuclear Core destroyed. 01461_ Spread Laser destroyed. 01467_ G-50 Soldier destroyed. 01470_ G-47 Trooper destroyed. 01473_ Spread Laser destroyed. 01474_ Acquired Flight Unit. 01476_ Flight Unit destroyed. 01477_ Acquired 8 matter. Map ----- +----------------------------------------------------+ | ?????# # [ """ #??????# """ | | # ??# ### # """ ???????# """ | | # ""# # # """ #??????# """ | | # + # #! #??????# | | # !! # # """ ???????# "" | | # !! + # # """ ???????# "G | | ?######+# """ ???????# "" | | # # [# ! #??????# | | # %##################### | | # # =* | | # ! =% | | # # [= | | # """ """ # ######################### | | # """ """ # # ??????????????????? | | # """ """ # # """"??????????????????? | | #?######### # """"??????????????????? | | ?????????# # """"??????????????????? | | ?????????# """"""" ??????????????? | | ?????????# """"""" ??????????????? | | ?????????# ! #???????????? | | ?????????# % ####/#######???????????? | | ????????## ??????????? | | ????????# ??????????? | | ????????### ??????????? | | ??????#### % #####+#######???????????? | | ?# =@ %[ #?????????????? | | ?# """ # Y#*s!! ""#?????????????? | | ???""" t=%=!! Y"#?????????????? | | ???""" # #=!! ""#?????????????? | | ??? + # #?????????????? | | ?? """ # # Y #?????????????? | | ?? """ # # #?????????????? | | ????"" * ?# # #????????????? | | ???? ?# ############????????????? | | ????#####?# #???????????????????????? | | ?????????? ???????????????????????? | | ?????????? ???????????????????????? | | ?????????? ???????????????????????? | | ??????????##/##???????????????????????? | | ???????????? ?????????????????????????? | | ???????????? ?????????????????????????? | | ??????????????????????????????????????? | | ??????????????????????????????????????? | | ??????????????????????????????????????? | | ??????????????????????????????????????? | | ??????????????????????????????????????? | | ??????????????????????????????????????? | | ??????????????????????????????????????? | | ??????????????????????????????????????? | | ??????????????????????????????????????? | +----------------------------------------------------+ Best States ------------- Heat Dissipation 41 Energy Generation 17 Energy Capacity 290 Matter Stores 300 Matter Capacity 300 Sight Range 16 Terrain Scan Range 14 Terrain Scan Density 10 Evasion (%) 55 Targeting Accuracy 6 Item Schematics ----------------- None Robot Schematics ------------------ None Fabricated ------------ Nothing Alien Tech Used ----------------- None Achievements -------------- Part-time Mechanic Challenges ------------ None Game ------ Seed GatlingSalvageFemtoactuators Manual? 0 Play Time 00:21:29 Cumulative 14.7 hours Start 2024.06.30 @ 14:12:50 End 2024.06.30 @ 14:31:22 Sessions 1 Manual Loads 0 Difficulty Rogue Special Mode None Game No. 67 Rogue 67 Adventurer 0 Explorer 0 Win Type - Total 0 Types 0/0/0/0/0/0/0/0/0 Lore% 5 Gallery% 19 Achievement% 14 Wizard Run 0 Options --------- Layout 1 ASCII 0 Keyboard 0 Movement Mouse Keybinds 0 Fullscreen 1 Font 24/Smallcaps Map View 50x35 Zoom Use 0% Tactical HUD 1 Map Filters NONE Filters NONE Steam 1 RUN: 40fe0658-d5c0-41d3-bdb4-720932172d2e